 Dungeon Crawl Stone Soup version 0.27-a0-1548-gf8a67e7463 (webtiles) character file.

Game seed: 13694633912231727195

150 Colgate the Grasshopper (level 5, -1/40 HPs)
             Began as a Palentonga Warper on July 14, 2021.
             Was an Initiate of Ru.
             Slain by an orc (3 damage)
             ... on level 4 of the Dungeon.
             The game lasted 00:33:30 (3252 turns).

Colgate the Grasshopper (Palentonga Warper)         Turns: 3252, Time: 00:33:31

Health: -1/40      AC:  5    Str: 15    XL:     5   Next: 10%
Magic:  9/9        EV:  9    Int: 14    God:    Ru [......]
Gold:   139        SH:  0    Dex:  9    Spells: 5/10 levels left

rFire    . . .     SeeInvis +   k - +0 rapier
rCold    . . .     Faith    .   (no shield)
rNeg     . . .     Spirit   .   b - +0 leather armour
rPois    .         Reflect  .   h - +0 helmet
rElec    .         Harm     .   (no cloak)
rCorr    .         Rampage  .   (no gloves)
Will     .....                  (no barding)
Stlth    +.........             r - amulet of regeneration
HPRegen  1.13/turn              (no ring)
MPRegen  0.11/turn              (no ring)

@: lethally poisoned (-1 -> -5)
A: large, rugged brown scales 3, see invisible, deformed body, roll 1, armoured
tail
a: Rolling Charge, Renounce Religion


You were on level 4 of the Dungeon.
You worshipped Ru.
Ru was noncommittal.
You visited 1 branch of the dungeon, and saw 4 of its levels.

You collected 139 gold pieces.

Inventory:

Hand Weapons
 a - a +0 short sword
 k - a +0 rapier (weapon)
Missiles
 d - 5 boomerangs of dispersal
 e - 38 sling bullets
 i - 68 stones
 m - 2 boomerangs
 x - 23 arrows
Armour
 b - a +0 leather armour (worn)
 f - a +0 scale mail
 h - a +0 helmet (worn)
 w - a +0 ring mail
Magical Staves
 l - a staff of death
Jewellery
 r - an amulet of regeneration (around neck)
Wands
 u - a wand of flame (19)
 v - a wand of polymorph (11)
Scrolls
 c - 2 scrolls of blinking
 n - 3 scrolls of identify
 q - a scroll of enchant armour {unknown}
 t - a scroll of vulnerability {unknown}
Potions
 g - 2 potions of brilliance
 j - a potion of heal wounds {unknown}
 p - a potion of magic {unknown}
 s - 2 potions of curing {unknown}


   Skills:
 - Level 2.0 Fighting
 + Level 3.2 Short Blades
 - Level 0.6 Throwing
 - Level 1.2 Armour
 - Level 1.5 Dodging
 - Level 3.3 Spellcasting
 - Level 4.0 Translocations


You had 5 spell levels left.
You knew the following spells:

 Your Spells              Type           Power      Damage    Failure   Level
a - Blink                 Tloc           N/A        N/A       8%          2
b - Gell's Gravitas       Tloc           6%         N/A       14%         3

Your spell library contained the following spells:

 Spells                   Type           Power      Damage    Failure   Level
 Lesser Beckoning         Tloc           6%         N/A       14%         3
 Teleport Other           Tloc           13%        N/A       14%         3
 Manifold Assault         Tloc           13%        N/A       80%         5
 Storm Form               Tmut/Air       1%         N/A       100%        7


Dungeon Overview and Level Annotations

Branches:
Dungeon (4/15)
 Temple: D:4-7

Altars:
Ru

Shops:
D:2 [


Innate Abilities, Weirdness & Mutations

You are completely covered in rugged brown scales. (AC +3, +7% HP)
You have supernaturally acute eyesight. (SInv)
Armour fits poorly on your strangely shaped body.
You can roll at nearby foes to attack.
You have a long armoured tail.


Message History

You feel very sick. The orc hits you with a +0 war axe.
The orc wizard hits you with a +0 dagger.
The orc barely misses you.
The orc hits you with a +0 dagger of venom.
You are more poisoned.
You hit the orc but do no damage.
You feel very sick. The orc hits you with a +0 war axe.
The orc wizard hits you with a +0 dagger.
The orc hits you but does no damage.
You are more poisoned.
The orc closely misses you.
You barely miss the orc.
The orc is almost dead.
You feel less confused.
You feel very sick. The orc closely misses you.
The orc wizard hits you with a +0 dagger.
* * * LOW HITPOINT WARNING * * *
The orc barely misses you. The orc closely misses you.
As you read the scroll labelled PATEAH KYNUTT, it crumbles to dust.
It is a scroll of identify.
g - 2 potions of brilliance
* * * LOW HITPOINT WARNING * * *
You feel very sick. The orc hits you but does no damage.
The orc wizard hits you but does no damage.
The orc barely misses you. The orc closely misses you.
As you read the scroll labelled YVUEPH KEDES, it crumbles to dust.
You feel aware of your surroundings.
You sensed 1 altar, and 1 shop/portal.
It was a scroll of magic mapping.
* * * LOW HITPOINT WARNING * * *
You feel very sick. The orc barely misses you.
The orc wizard hits you but does no damage.
The orc hits you with a +0 dagger of venom.
* * * LOW HITPOINT WARNING * * *
The orc hits you with a +0 hand axe.
You die...

*,+,,,,,,,,,**,****,,,,,,,,**
***,,,,,,,,,**,,,,,,,,,,,,,,,
*,,,,,,,,,*###********,*,,,
*,,,,,,,,,*#<#********,*,,,
*,,,,,,,,,*#.#*,,,,,,*,*,,,
*,,,,,,,,,*#.#*,,,,,,*,**,,
******######'##,,,,,,*,**,*
#....o..#,,,,,,*,**'*
#...@o..+,,,,,,,,*,,,
**#...oo..#*********,,,
#.........#***** *,,,
#............,,* *,,,
#..............* **,*
#......:.......* *,,
#..............* ***
###############*


You could see an orc wizard and 3 orcs.

Vanquished Creatures
  A bullfrog skeleton (D:3)
  4 gnolls
  2 adders (D:2)
  A dart slug (D:3)
  2 orcs (D:3)
  2 endoplasms (D:2)
  A giant cockroach (D:2)
  7 goblins
  6 hobgoblins
  6 jackals
  3 kobolds
  A quokka (D:3)
  5 ball pythons
  7 bats
  6 frilled lizards
  9 rats
63 creatures vanquished.

Notes
Turn   | Place    | Note
-------+----------+-------------------------------------------
     0 | D:1      | Colgate the Palentonga Warper began the quest for the Orb.
     0 | D:1      | Reached XP level 1. HP: 17/17 MP: 3/3
   194 | D:1      | Reached XP level 2. HP: 7/23 MP: 5/5
   197 | D:1      | Learned a level 2 spell: Blink
  1310 | D:2      | Reached skill level 4 in Translocations
  1489 | D:2      | Reached XP level 3. HP: 24/28 MP: 1/6
  1497 | D:2      | Learned a level 3 spell: Gell's Gravitas
  1938 | D:2      | Found a faded altar of an unknown god.
  1980 | D:2      | Found a sacrificial altar of Ru.
  1984 | D:2      | Found Jifizia's Armour Emporium.
  1993 | D:2      | Reached skill level 1 in Armour
  2017 | D:2      | Became a worshipper of Ru the Awakened
  2286 | D:3      | Reached XP level 4. HP: 35/35 MP: 7/7
  2856 | D:3      | Reached XP level 5. HP: 40/40 MP: 9/9
  3252 | D:4      | HP: 2/40 [orc (4)]
  3252 | D:4      | Slain by an orc

Illustrated notes

Levels and vault maps discovered:
D:1:      minmay_arrival_jagged, layout_basic, nrook_campfire,
          grunt_decor_clamped
D:2:      minmay_razor_zed, layout_rooms, chequers_ecumenical_altar_simple,
          basic_altar, serial_shops, shop, minmay_misc_feat_secret_circle,
          kennysheep_doodads, minmay_tiny_reverse_x
D:3:      layout_loops_ring, kennysheep_generic_room_3
D:4:      layout_basic, nicolae_hepliaklqana_hazy_memory, serial_shops,
          nicolae_shop_stone

Skill      XL: |  1  2  3  4 |
---------------+-------------+-----
Translocations | 4 |  4.0
Short Blades   | 3 |  3.2
Armour         | 1 |  1.2
Spellcasting   | 3 |  3.3
Fighting       | |  2.0
Throwing       | |  0.6
Dodging        | |  1.5

Action                   |  1- 3 |  4- 6 || total
-------------------------+-------+-------++-------
Melee: Short sword       |    42 |       ||    42
       Tailslap          |     5 |     9 ||    14
       Rapier            |    75 |   104 ||   179
Throw: Stone             |    13 |     6 ||    19
       Boomerang         |     2 |       ||     2
 Cast: Blink             |     8 |     8 ||    16
       Gell's Gravitas   |     1 |     1 ||     2
 Abil: Rolling Charge    |    40 |    36 ||    76
Evoke: Wand              |       |     2 ||     2
  Use: Scroll            |       |     2 ||     2
Armor: Leather armour    |    47 |    72 ||   119
Dodge: Dodged            |    42 |    77 ||   119

Table legend: (Time is in decaauts)
 A = Elapsed time spent in this place.
 B = Non-inter-level travel time spent in this place.
 C = Inter-level travel time spent in this place.
 D = Time resting spent in this place.
 E = Time spent auto-exploring this place.
 F = Levels seen in this place.
 G = Mean time per level.
                   A        B        C        D        E       F      G
               +--------+--------+--------+--------+--------+-----+--------+
         Total |   3263 |   2957 |    306 |      0 |   2432 |   4 |  815.8 |
       Dungeon |   3263 |   2957 |    306 |      0 |   2432 |   4 |  815.8 |
               +--------+--------+--------+--------+--------+-----+--------+

Top non-repeatable levels by time:
     D:1: 1243 daAuts
     D:2: 1147 daAuts
     D:3: 858 daAuts
     D:4: 14 daAuts
